 Dungeon Crawl Stone Soup version 0.28-a0-664-gc179e30c89 (webtiles) character file.

Game seed: 9373282929169000108

95 tilp the Magician (level 4, -6/32 HPs)
             Began as a Gnoll Hedge Wizard on Oct 15, 2021.
             Was a Follower of Trog.
             Killed by divine providence
             ... invoked by an orc priest
              (10 damage)
             ... on level 3 of the Dungeon.
             The game lasted 00:05:13 (2985 turns).

tilp the Magician (Gnoll Hedge Wizard)              Turns: 2985, Time: 00:05:14

Health: -6/32      AC:  6    Str: 10    XL:     4   Next: 66%
Magic:  13/13      EV:  9    Int: 14    God:    Trog [*.....]
Gold:   118        SH:  0    Dex: 11    Spells: 10/17 levels left

rFire   . . .      SeeInvis .   a - +2 short sword (drain)
rCold   . . .      Faith    .   (no shield)
rNeg    . . .      Spirit   .   n - +0 scale mail
rPois   .          Reflect  .   c - +0 hat
rElec   .          Harm     .   (no cloak)
rCorr   +          Rampage  .   (no gloves)
Will    .....                   (no boots)
Stlth   +.........              (no amulet)
HPRegen 0.10/turn               b - ring of resist corrosion
MPRegen 0.13/turn               (no ring)

@: brilliant, flying, hasted, very quick
A: fangs 1, strong nose, distributed training
a: Renounce Religion, Berserk


You were on level 3 of the Dungeon.
You worshipped Trog.
Trog was aware of your devotion.
You visited 1 branch of the dungeon, and saw 3 of its levels.

You collected 118 gold pieces.

Inventory:

Hand Weapons
 a - a +2 short sword of draining (weapon)
Missiles
 d - 68 stones (quivered)
 e - 2 javelins
 f - a throwing net
 l - 43 sling bullets
 m - 13 bolts
 q - 22 arrows
Armour
 c - a +0 hat (worn)
 i - a +0 plate armour
 n - a +0 scale mail (worn)
Jewellery
 b - a ring of resist corrosion (left hand)
Wands
 s - a wand of iceblast (12)
Scrolls
 j - 2 scrolls of noise {unknown}
 p - a scroll of amnesia {unknown}
Potions
 g - a potion of brilliance
 o - a potion of berserk rage {unknown}
 r - a potion of magic


   Skills:
 + Level 1.2 Fighting
 + Level 1.2 Short Blades
 + Level 1.2 Long Blades
 + Level 1.2 Axes
 + Level 1.2 Maces & Flails
 + Level 1.2 Polearms
 + Level 1.2 Staves
 + Level 1.2 Slings
 + Level 1.2 Bows
 + Level 1.2 Crossbows
 + Level 1.2 Throwing
 + Level 1.2 Armour
 + Level 4.6 Dodging
 + Level 4.3 Stealth
 + Level 1.2 Shields
 + Level 1.2 Unarmed Combat
 + Level 7.2 Spellcasting
 + Level 2.2 Conjurations
 + Level 1.0 Hexes
 + Level 2.2 Summonings
 + Level 1.0 Necromancy
 + Level 2.2 Translocations
 + Level 1.0 Transmutations
 + Level 1.0 Fire Magic
 + Level 1.0 Ice Magic
 + Level 1.0 Air Magic
 + Level 1.0 Earth Magic
 + Level 1.0 Poison Magic
 + Level 1.3 Invocations
 + Level 1.2 Evocations


You had 10 spell levels left.
You knew the following spells:

 Your Spells              Type           Power      Damage    Failure   Level
a - Magic Dart            Conj           68%        1d6       36%         1
b - Call Imp              Summ           17%        N/A       50%         2
c - Blink                 Tloc           N/A        N/A       50%         2
d - Slow                  Hex            11%        N/A       67%         2

Your spell library contained the following spells:

 Spells                   Type           Power      Damage    Failure   Level
 Beastly Appendage        Tmut           22%        N/A       54%         1
 Wereblood                Tmut           11%        N/A       67%         2
 Conjure Flame            Conj/Fire      14%        6-21      82%         3
 Mephitic Cloud           Conj/Pois/Air  13%        N/A       85%         3
 Spider Form              Tmut/Pois      5%         N/A       88%         3


Dungeon Overview and Level Annotations

Branches:
Dungeon (3/15)

Altars:
Ru
Trog
Vehumet
Wu Jian


Innate Abilities, Weirdness & Mutations

You have very sharp teeth.
Your uncanny sense of smell can sniff out nearby items.
Your experience applies equally to all skills.


Message History

The orc wizard hits you with a +0 dagger.
The orc priest casts a cantrip, but nothing happens.
The orc hits you with a +0 falchion.
Unknown command.
You barely miss the orc.
The orc wizard hits you with a +0 dagger.
The orc hits you with a +0 falchion.
* * * LOW HITPOINT WARNING * * *
The frilled lizard closely misses you.
You are too injured to fight recklessly!
You are too injured to fight recklessly!
Unknown command.
You completely miss the frilled lizard.
The orc priest looks encouraged for a moment.
The orc wizard hits you but does no damage.
The orc hits you with a +0 falchion.
* * * LOW HITPOINT WARNING * * *
The frilled lizard closely misses you.
Unknown command.
It was a potion of brilliance.
You feel clever all of a sudden.
You feel less confused.
The orc wizard hits you with a +0 dagger.
* * * LOW HITPOINT WARNING * * *
The orc hits you but does no damage. The frilled lizard barely misses you.
Unknown command.
It was a potion of magic.
Magic courses through your body.
The orc wizard hits you but does no damage.
The orc closely misses you. The frilled lizard closely misses you.
Unknown command.
It was a potion of flight.
You feel very buoyant.
You fly up into the air.
The orc wizard hits you but does no damage.
The orc hits you but does no damage.
The frilled lizard bites you but does no damage.
Unknown command.
It was a potion of haste.
You feel yourself speed up.
The orc priest invokes the aid of Beogh against you.
Beogh smites you!
You die...

...#.#.# #>##
..##.#.###########.#
).#................#
..#.....#..........#####
).###...................
...##.............$.....
...##..###..............
####..># #......ol......
####.#.###......@oo.....
.......#.....#####......
########.##### .....
#...# #### #######.#####
####§§§........########
#######
...§.§......)#.##.....#
#......
.≈.§≈≈§§≈≈.≈†#.##.###.#
#.#####
.≈.§§§.≈...≈......#
#.#####.#<# #


You could see an orc priest, an orc wizard, an orc and a frilled lizard.

Vanquished Creatures
  An adder (D:3)
  3 dart slugs
  8 orcs (D:3)
  5 ball pythons (D:1)
  6 bats
  7 endoplasms
  A giant cockroach (D:1)
  6 goblins
  5 hobgoblins
  6 quokkas
  2 frilled lizards (D:2)
  8 kobolds
  4 rats
62 creatures vanquished.

Notes
Turn   | Place    | Note
-------+----------+-------------------------------------------
     0 | D:1      | tilp the Gnoll Hedge Wizard began the quest for the Orb.
     0 | D:1      | Reached XP level 1. HP: 13/13 MP: 8/8
   259 | D:1      | Reached XP level 2. HP: 19/19 MP: 8/10
   659 | D:1      | Reached XP level 3. HP: 25/25 MP: 5/11
   929 | D:1      | Learned a level 2 spell: Call Imp
   932 | D:1      | Learned a level 2 spell: Blink
   935 | D:1      | Learned a level 2 spell: Slow
   963 | D:1      | Found a faded altar of an unknown god.
   967 | D:1      | Reached skill level 1 in Invocations
  1023 | D:1      | Prayed at the altar of an unknown god.
  1023 | D:1      | Became a worshipper of Trog the Wrathful
  1023 | D:1      | Reached * piety under Trog
  2015 | D:3      | Found a radiant altar of Vehumet.
  2136 | D:3      | Reached skill level 1 in Fighting
  2136 | D:3      | Reached skill level 1 in Short Blades
  2136 | D:3      | Reached skill level 1 in Long Blades
  2136 | D:3      | Reached skill level 1 in Axes
  2136 | D:3      | Reached skill level 1 in Maces & Flails
  2136 | D:3      | Reached skill level 1 in Polearms
  2136 | D:3      | Reached skill level 1 in Staves
  2136 | D:3      | Reached skill level 1 in Slings
  2136 | D:3      | Reached skill level 1 in Bows
  2136 | D:3      | Reached skill level 1 in Crossbows
  2136 | D:3      | Reached skill level 1 in Throwing
  2136 | D:3      | Reached skill level 1 in Armour
  2136 | D:3      | Reached skill level 1 in Shields
  2136 | D:3      | Reached skill level 1 in Unarmed Combat
  2136 | D:3      | Reached skill level 1 in Evocations
  2430 | D:3      | Reached XP level 4. HP: 25/32 MP: 13/13
  2803 | D:3      | Found a sacrificial altar of Ru.
  2811 | D:3      | Reached skill level 1 in Hexes
  2811 | D:3      | Reached skill level 1 in Necromancy
  2811 | D:3      | Reached skill level 1 in Transmutations
  2811 | D:3      | Reached skill level 1 in Fire Magic
  2811 | D:3      | Reached skill level 1 in Ice Magic
  2811 | D:3      | Reached skill level 1 in Air Magic
  2811 | D:3      | Reached skill level 1 in Earth Magic
  2811 | D:3      | Reached skill level 1 in Poison Magic
  2950 | D:3      | Found an ornate altar of the Wu Jian Council.
  2985 | D:3      | Killed from afar by an orc priest

Illustrated notes

Levels and vault maps discovered:
D:1:      minmay_arrival_wavy_path, layout_loops_ring,
          dreamdust_ecumenical_altar_angels_and_demons
D:2:      layout_loops_ring
D:3:      minmay_chambers_of_twos, layout_basic, nicolae_overflow_hidden_temple,
          mainiacjoe_overflow_large_starburst

Skill      XL: |  1  2  3  4 |
---------------+-------------+-----
Conjurations   | 2 |  2.2
Summonings     | 2 |  2.2
Translocations | 2 |  2.2
Invocations    | 1 |  1.3
Fighting       | 1 |  1.2
Short Blades   | 1 |  1.2
Long Blades    | 1 |  1.2
Axes           | 1 |  1.2
Maces & Flails | 1 |  1.2
Polearms       | 1 |  1.2
Staves         | 1 |  1.2
Slings         | 1 |  1.2
Bows           | 1 |  1.2
Crossbows      | 1 |  1.2
Throwing       | 1 |  1.2
Armour         | 1 |  1.2
Shields        | 1 |  1.2
Unarmed Combat | 1 |  1.2
Evocations     | 1 |  1.2
Hexes          | 1 |  1.0
Necromancy     | 1 |  1.0
Transmutations | 1 |  1.0
Fire Magic     | 1 |  1.0
Ice Magic      | 1 |  1.0
Air Magic      | 1 |  1.0
Earth Magic    | 1 |  1.0
Poison Magic   | 1 |  1.0
Dodging        | |  4.6
Stealth        | |  4.3
Spellcasting   | |  7.2

Action                   |  1- 3 |  4- 6 || total
-------------------------+-------+-------++-------
Melee: Dagger            |    37 |       ||    37
       Short sword       |    24 |    47 ||    71
       Bite              |     4 |     4 ||     8
 Cast: Magic Dart        |    76 |       ||    76
  Use: Scroll            |     5 |       ||     5
       Potion            |       |     4 ||     4
 Stab: Sleeping          |     2 |       ||     2
Armor: Robe              |     3 |       ||     3
       Plate armour      |    29 |     1 ||    30
       Scale mail        |       |    19 ||    19
Dodge: Dodged            |    20 |    27 ||    47

Table legend: (Time is in decaauts)
 A = Elapsed time spent in this place.
 B = Non-inter-level travel time spent in this place.
 C = Inter-level travel time spent in this place.
 D = Time resting spent in this place.
 E = Time spent auto-exploring this place.
 F = Levels seen in this place.
 G = Mean time per level.
                   A        B        C        D        E       F      G
               +--------+--------+--------+--------+--------+-----+--------+
         Total |   2986 |   2796 |    190 |     23 |   2394 |   3 |  995.3 |
       Dungeon |   2986 |   2796 |    190 |     23 |   2394 |   3 |  995.3 |
               +--------+--------+--------+--------+--------+-----+--------+

Top non-repeatable levels by time:
     D:1: 1288 daAuts
     D:3: 997 daAuts
     D:2: 701 daAuts
